 Dungeon Crawl Stone Soup version 0.32-a0-711-g016ad743e0 (webtiles) character file.

Game seed: 12277581509439385326

2121 timneilson the Ruffian (level 9, -2/61 HPs)
             Began as an Octopode Shapeshifter on Mar 15, 2024.
             Was an Initiate of Gozag.
             Slain by a boulder beetle (25 damage)
             ... on level 7 of the Dungeon.
             The game lasted 00:12:02 (6062 turns).

timneilson the Ruffian (Octopode Shapeshifter)      Turns: 6062, Time: 00:12:03

Health: -2/61      AC:  1    Str: 23    XL:     9   Next: 29%
Magic:  9/9        EV: 12    Int: 13    God:    Gozag
Gold:   776        SH:  7    Dex: 11    Spells: 8/8 levels left

rFire   + .          .
                       - Unarmed
rCold   . . .        u - +0 kite shield
rNeg    . . .        (helmet currently unavailable)
rPois   .            (no amulet)
rElec   .            o - ring of protection from fire
rCorr   +            x - +6 ring of strength
SInv    .            C - ring of resist corrosion
Will    .....        (no ring)
Stlth   ++++         (no ring)
HPRegen 0.30/turn    (no ring)
MPRegen 0.11/turn    (no ring)
                     (no ring)

%: no passive effects
@: beast-form, hasted, very quick
A: beast (slay +3), almost no armour, amphibious, 8 rings, camouflage 1,
gelatinous body 1, (nimble swimmer 1), tentacles
a: Begin Untransformation, Renounce Religion, Potion Petition, Call Merchant,
Bribe Branch


You were on level 7 of the Dungeon.
You worshipped Gozag.
Gozag was pleased with you.
You were a hulking beast.
You visited 2 branches of the dungeon, and saw 9 of its levels.

You collected 847 gold pieces.
You paid 71 gold pieces to Gozag.

Inventory:

Missiles
 w - a throwing net (quivered)
Armour
 u - a +0 kite shield (worn)
 y - the +3 crown of Dyrovepreva {rElec Int+2 SInv}
   (You acquired it on level 6 of the Dungeon)

   Int+2:     It affects your intelligence (+2).
   rElec:     It insulates you from electricity.
   SInv:      It lets you see invisible.
Jewellery
 o - a ring of protection from fire (left tentacle)
 x - a +6 ring of strength (right tentacle)
 C - a ring of resist corrosion (on tentacle)
Talismans
 b - a beast talisman (active)
 c - a flux talisman
 m - a blade talisman
Wands
 g - a wand of quicksilver (2)
 k - a wand of flame (4)
 t - a wand of polymorph (10)
 v - a wand of iceblast (20)
 B - a wand of mindburst (10)
Scrolls
 l - a scroll of enchant armour
 n - a scroll of revelation
 q - 2 scrolls of fear
 D - a scroll of teleportation
Potions
 a - 3 potions of lignification
 d - 3 potions of haste
 e - a potion of berserk rage
 f - a potion of mutation
 h - a potion of heal wounds
 i - 3 potions of curing
 j - 2 potions of enlightenment
 p - 2 potions of magic
 r - a potion of resistance
 s - 3 potions of might
 z - a potion of brilliance {unknown}
 A - a potion of cancellation {unknown}


   Skills:
 * Level 5.2 Fighting
 * Level 5.5 Dodging
 + Level 5.1 Stealth
 + Level 2.6 Shields
 * Level 6.0 Unarmed Combat
 + Level 3.4 Evocations
 * Level 5.5 Shapeshifting


You had 8 spell levels left.
You didn't know any spells.
Your spell library contained the following spells:

 Spells                   Type           Power      Damage    Failure   Level
 Apportation              Tloc           0%         N/A       56%         1
 Blink                    Tloc           0%         N/A       71%         2
 Jinxbite                 Hex            0%         N/A       71%         2
 Lesser Beckoning         Tloc           0%         N/A       71%         2
 Momentum Strike          Conj/Tloc      0%         3d8       71%         2
 Static Discharge         Conj/Air       0%         3-3/arc   71%         2
 Gell's Gravitas          Tloc           0%         N/A       91%         3
 Teleport Other           Tloc           0%         N/A       91%         3
 Tukima's Dance           Hex            0%         N/A       91%         3
 Airstrike                Air            0%         2d(0-16)  100%        4
 Passage of Golubria      Tloc           0%         N/A       100%        4
 Summon Lightning Spire   Summ/Air       0%         N/A       100%        4
 Alistair's Intoxication  Alch           0%         N/A       100%        5
 Yara's Violent Unravell  Hex/Alch       0%         3d3       100%        5
 Enfeeble                 Hex            0%         N/A       100%        7


Dungeon Overview and Level Annotations

Branches:
Dungeon (8/15)             Temple (1/1) D:4
   Lair: D:8-11

Altars:
Ashenzari
Cheibriados
Dithmenos
Elyvilon
Fedhas
Gozag
Hepliaklqana
Kikubaaqudgha
Makhleb
Nemelex Xobeh
Okawaru
Qazlal
Sif Muna
Trog
Uskayaw
Vehumet
Wu Jian
Xom
Yredelemnul
Zin
The Shining One

Annotations:
D:2 1 runed translucent door, Crazy Yiuf
D:7 4 runed translucent doors


Innate Abilities, Weirdness & Mutations

You are a hulking beast.
Your limbs bulge with bestial killing power. (Slay +3)
You cannot wear most types of armour.
You are amphibious.
You can wear up to eight rings at the same time.
Your skin changes colour to match your surroundings (Stealth+).
Your rubbery body absorbs attacks. (AC +1, EV +1)
((You are camouflaged when in or above water. (Stealth+)))
You have tentacles for arms and can constrict up to eight enemies at once.


Message History

Your Unarmed Combat skill increases to level 6!
There is an open door here.
You start resting.
A boulder beetle comes into view.
You feel yourself speed up.
The boulder beetle leaps!
The boulder beetle curls into a ball and begins rolling!
You see here a +0 whip.
The troll shouts!
You tentacle-slap the boulder beetle but do no damage.
The boulder beetle hits you!!
The boulder beetle stops rolling and uncurls.
You tentacle-slap the boulder beetle. You squeeze the boulder beetle!
The boulder beetle is lightly wounded.
The boulder beetle leaps!
You block the boulder beetle's attack.
You tentacle-slap the boulder beetle but do no damage.
Your squeeze misses the boulder beetle.
The boulder beetle is lightly wounded.
The boulder beetle leaps!
You tentacle-slap the boulder beetle but do no damage.
The boulder beetle is lightly wounded.
The boulder beetle closely misses you.
You tentacle-slap the boulder beetle but do no damage.
The boulder beetle is lightly wounded.
You block the boulder beetle's attack.
You barely miss the boulder beetle.
You squeeze the boulder beetle, but do no damage.
The boulder beetle is lightly wounded.
You block the boulder beetle's attack.
You tentacle-slap the boulder beetle. You squeeze the boulder beetle.
The boulder beetle is lightly wounded.
You tentacle-slap the boulder beetle.
The boulder beetle is moderately wounded.
The boulder beetle bites you.
You tentacle-slap the boulder beetle but do no damage.
The boulder beetle is moderately wounded.
The boulder beetle bites you!!
You die...
Your body crumbles into a pile of gold.

##..## ##..# ##.##
##### #..#
#######...####.##
#...........#.###
..######..#..[))##
.## .##.##.##B.#
.# ##$#.#..###h#
.# #..#....)...##
.# #.#$'.##++##..#
.# # #####ß.Wß##.#
.## #ß....ß#.##
..# #}....$#..#
..# #$....}#..#
.## #ß....ß#..# .#
###ß..ß##..#


You could see a boulder beetle.

Vanquished Creatures
  A wraith (D:7)
  3 black bears
  An ogre (D:7)
  4 scorpions
  A gnoll sergeant (D:7)
  3 wights (D:6)
  6 howler monkeys
  3 jellies
  4 orc priests
  4 hounds
  A bombardier beetle (D:5)
  7 iguanas
  3 orc wizards
  2 sleepcaps (D:6)
  7 gnolls
  7 adders
  2 shadow imps
  2 ufetubi (D:6)
  A ribbon worm (D:2)
  13 orcs
  7 ball pythons
  4 endoplasms
  7 giant cockroaches
  8 goblins
  5 hobgoblins
  3 quokkas
  6 bats
  7 frilled lizards
  6 kobolds
  10 rats
138 creatures vanquished.

Notes
Turn   | Place    | Note
-------+----------+-------------------------------------------
     0 | D:1      | timneilson the Octopode Shapeshifter began the quest for
                  | the Orb.
     0 | D:1      | Reached XP level 1. HP: 13/13 MP: 1/1
    15 | D:1      | Reached XP level 2. HP: 7/18 MP: 2/2
   234 | D:1      | Reached XP level 3. HP: 23/23 MP: 3/3
   239 | D:1      | Reached skill level 1 in Stealth
   454 | D:2      | Found a shadowy altar of Dithmenos.
   522 | D:2      | Reached XP level 4. HP: 18/29 MP: 4/4
  1048 | D:2      | Found a runed translucent door.
  1049 | D:2      | Noticed Crazy Yiuf
  1927 | D:4      | Reached XP level 5. HP: 35/35 MP: 5/5
  1932 | D:4      | Found a staircase to the Ecumenical Temple.
  1938 | Temple   | Entered the Ecumenical Temple
  1992 | Temple   | Became a worshipper of Gozag Ym Sagoz the Greedy
  2071 | D:4      | Reached skill level 1 in Evocations
  2290 | D:4      | Reached skill level 4 in Unarmed Combat
  2290 | D:4      | Reached XP level 6. HP: 40/41 MP: 6/6
  2820 | D:5      | Entered Level 5 of the Dungeon
  2902 | D:5      | Noticed a black bear
  2992 | D:5      | Killed a black bear
  2993 | D:5      | Reached XP level 7. HP: 26/46 MP: 7/7
  3311 | D:5      | Reached skill level 1 in Shields
  3652 | D:6      | Reached XP level 8. HP: 12/54 MP: 8/8
  3801 | D:6      | You fall into a shaft and drop 2 floors!
  3893 | D:7      | Found a large runed translucent door.
  3893 | D:7      | Found a large runed translucent door.
  3894 | D:7      | Noticed a wraith
  3906 | D:7      | Killed a wraith
  3907 | D:7      | Reached skill level 5 in Unarmed Combat
  3935 | D:7      | Noticed a shadow
  3936 | D:7      | Noticed a troll
  3940 | D:7      | Found a large runed translucent door.
  3940 | D:7      | Found a large runed translucent door.
  4574 | D:6      | Reached skill level 5 in Shapeshifting
  4655 | D:6      | Found a basalt altar of Yredelemnul.
  4861 | D:6      | Reached skill level 5 in Dodging
  5070 | D:6      | Reached XP level 9. HP: 58/60 MP: 9/9
  5157 | D:6      | Reached skill level 5 in Fighting
  5414 | D:6      | Identified a scroll of acquirement
  5414 | D:6      | Acquired the +3 crown of Dyrovepreva {rElec Int+2 SInv}
  5414 | D:6      | Found the +3 crown of Dyrovepreva {rElec Int+2 SInv}
  5639 | D:7      | Reached skill level 5 in Stealth
  5995 | D:7      | Reached skill level 6 in Unarmed Combat
  6044 | D:7      | Noticed a boulder beetle
  6062 | D:7      | Slain by a boulder beetle

Illustrated notes

Levels and vault maps discovered:
D:1:      lemuel_arrival_lava_pool, layout_rooms, st_stairs_12
D:2:      layout_basic, basic_altar, uniq_crazy_yiuf_cottage
D:3:      layout_basic
D:4:      layout_loops_ring, minmay_temple_entry_arrows
D:5:      layout_rooms
D:6:      layout_loops_ring, hangedman_decor_points, kennysheep_small_circle
D:7:      layout_cave_pods, minmay_hollow_rounded_squares
D:8:      layout_rooms, amcnicky_altar_gilded, serial_bayou,
          serial_bayou_pond_d, serial_bayou_pond_b, serial_bayou_pond_c,
          serial_bayou_lagoon_a
Temple:   mainiacjoe_temple_starburst

Skill      XL: |  1  2  3  4  5  6  7  8  9 |
---------------+----------------------------+-----
Stealth        | 1 2 3 4 5 |  5.1
Fighting       | 2 3 4 5 |  5.2
Dodging        | 3 4 5 |  5.5
Evocations     | 1 2 3 |  3.4
Unarmed Combat | 4 5 6 |  6.0
Shapeshifting  | 4 5 |  5.5
Shields        | 1 2 |  2.6

Action                     |  1- 3 |  4- 6 |  7- 9 || total
---------------------------+-------+-------+-------++-------
  Melee: Unarmed           |    54 |    99 |   138 ||   291
         Tentacles         |    10 |    22 |    41 ||    73
         Constrict         |    12 |    34 |    39 ||    85
         Punch             |     4 |     1 |     6 ||    11
    Use: Scroll            |     3 |     3 |    12 ||    18
         Potion            |       |       |     5 ||     5
   Stab: Sleeping          |       |     8 |     6 ||    14
         Distracted        |       |     1 |       ||     1
 Armour: Skin              |    17 |    44 |    78 ||   139
  Dodge: Dodged            |    26 |    35 |    51 ||   112
  Block: Buckler           |       |     3 |     2 ||     5
         Kite shield       |       |       |    46 ||    46

Table legend: (Time is in decaauts)
 A = Elapsed time spent in this place.
 B = Non-inter-level travel time spent in this place.
 C = Inter-level travel time spent in this place.
 D = Time resting spent in this place.
 E = Time spent auto-exploring this place.
 F = Levels seen in this place.
 G = Mean time per level.
                   A        B        C        D        E       F      G
               +--------+--------+--------+--------+--------+-----+--------+
         Total |   6045 |   5838 |    207 |    735 |   3711 |   9 |  671.7 |
       Dungeon |   5939 |   5836 |    103 |    735 |   3711 |   8 |  742.4 |
        Temple |    106 |      2 |    104 |      0 |      0 |   1 |  106.0 |
               +--------+--------+--------+--------+--------+-----+--------+

Top non-repeatable levels by time:
     D:6: 1428 daAuts
     D:7: 1119 daAuts
     D:4: 798 daAuts
     D:2: 788 daAuts
     D:3: 702 daAuts
     D:5: 656 daAuts
     D:1: 414 daAuts
  Temple: 106 daAuts
     D:8: 31 daAuts
